 Dungeon Crawl Stone Soup version 0.30.1-4-g462c640d31 (webtiles) character file.

Game seed: 13862762410655051204

46 Zeor the Slasher (level 3, -8/24 HPs)
             Began as a Tengu Monk on Aug 20, 2023.
             Mangled by a gnoll
             ... wielding a +0 halberd
              (12 damage)
             ... on level 2 of the Dungeon.
             The game lasted 00:03:05 (1159 turns).

Zeor the Slasher (Tengu Monk)                       Turns: 1159, Time: 00:03:07

Health: -8/24      AC:  4    Str: 11    XL:     3   Next: 66%
Magic:  4/4        EV: 13    Int: 12    God:
Gold:   80         SH:  0    Dex: 16    Spells: 2/2 levels left

rFire   . . .        a - +0 falchion
rCold   . . .        d - orb {light}
rNeg    . . .        f - +1 leather armour
rPois   .            (helmet restricted)
rElec   .            (no cloak)
rCorr   .            (no gloves)
SInv    .            (boots unavailable)
Will    .....        (no amulet)
Stlth   +            (no ring)
HPRegen 0.24/turn    (no ring)
MPRegen 0.09/turn

%: no passive effects
@: glowing
A: beak, talons 3
a: no special abilities


You were on level 2 of the Dungeon.
You visited 1 branch of the dungeon, and saw 2 of its levels.

You collected 80 gold pieces.

Inventory:

Hand Weapons
 a - a +0 falchion (weapon)
Armour
 d - an orb of light (worn)
 f - a +1 leather armour (worn)
Potions
 c - a potion of ambrosia
 e - a potion of magic


   Skills:
 * Level 3.7 Fighting
 + Level 4.0 Long Blades
 + Level 3.6 Dodging


You had 2 spell levels left.
You didn't know any spells.
Your spell library was empty.

Dungeon Overview and Level Annotations

Branches:
Dungeon (2/15)

Altars:


Innate Abilities, Weirdness & Mutations

You have a beak for a mouth.
You have claws for feet.


Message History

A goblin comes into view. It is wielding a +0 dagger.
The goblin shouts!
You hit the goblin. You claw the goblin. Your peck misses the goblin.
The goblin is severely wounded.
The goblin barely misses you.
You hit the goblin.
You kill the goblin!
You now have 70 gold pieces (gained 9).
Found a stone staircase leading up.
Found a hand axe.
You now have 80 gold pieces (gained 10).
There is a stone staircase leading up here.
b - a scroll labelled JEX CUTEAM
As you read the scroll labelled JEX CUTEAM, it crumbles to dust.
It is a scroll of enchant armour.
Your +0 leather armour glows green for a moment.
Found a stone staircase leading up. 2 gnolls come into view.
The gnoll shouts! x2
A gnoll comes into view. It is wielding a +0 spear.
The gnoll moves out of view.
The gnoll shouts!
A bat comes into view.
Okay, then.
The gnoll barely misses you. The gnoll completely misses you.
The gnoll hits you from afar with a +0 spear.
You completely miss the gnoll. The gnoll hits you with a +0 spear.
The gnoll hits you from afar with a +0 spear!
The gnoll hits you from afar with a +0 halberd.
You hit the gnoll but do no damage. You claw the gnoll, but do no damage.
The gnoll barely misses you. The gnoll misses you. x2
You hit the gnoll.
The gnoll is moderately wounded.
The gnoll barely misses you.
The gnoll hits you from afar with a +0 spear.
* * * LOW HITPOINT WARNING * * *
The gnoll hits you from afar with a +0 halberd!
Ouch! That really hurt!
You die...

▒▒▒▒▒▒▒▒▒∙∙∙∙▒ ▒∙∙∙∙∙∙∙∙∙∙∙∙▒
∙∙∙∙∙∙∙∙∙∙∙∙∙▒▒▒▒▒▒▒▒▒▒▒
∙∙∙∙∙∙∙∙∙∙<∙∙∙∙∙∙∙∙∙∙∙∙▒
▒▒▒▒▒▒▒▒▒∙∙∙∙∙∙∙∙∙∙∙∙∙∙▒▒▒▒▒▒
▒∙∙)∙∙∙∙∙∙∙∙∙∙∙∙∙∙∙∙▒
▒▒▒▒▒∙∙∙∙∙∙∙∙∙∙∙∙∙∙∙▒
▒∙∙▒▒▒▒▒▒▒∙∙∙∙∙∙▒ ▒Q▒▒
▒▒▒▒▒▒▒▒ ▒g▒


▒gg ▒b∙⌠ ▒∙∙∙∙ ▒∙∙∙∙⌠ ▒<∙∙∙∙∙ ▒∙∙⌠∙∙∙∙ You could see 3 gnolls and a bat.

Vanquished Creatures
  An endoplasm (D:1)
  A giant cockroach (D:1)
  5 goblins
  6 hobgoblins (D:1)
  5 jackals (D:1)
  3 kobolds (D:1)
  2 quokkas
  3 ball pythons (D:1)
  6 bats
  8 frilled lizards (D:1)
  3 rats
43 creatures vanquished.

Notes
Turn   | Place    | Note
-------+----------+-------------------------------------------
     0 | D:1      | Zeor the Tengu Monk began the quest for the Orb.
     0 | D:1      | Reached XP level 1. HP: 14/14 MP: 2/2
   124 | D:1      | Reached XP level 2. HP: 18/19 MP: 3/3
   406 | D:1      | Reached XP level 3. HP: 23/23 MP: 4/4
   995 | D:2      | Reached skill level 4 in Long Blades
  1159 | D:2      | Mangled by a gnoll

Illustrated notes

Levels and vault maps discovered:
D:1:      dpeg_arrival_radiant, layout_loops_ring,
          chequers_serial_rivers_micro_e, minmay_lizard_pond
D:2:      minmay_spotlight, layout_basic, grunt_ministairs_10,
          kennysheep_small_spiral, minmay_pentomino_p2

Skill      XL: |  1  2  3 |
---------------+----------+-----
Long Blades    | 4 |  4.0
Fighting       | |  3.7
Dodging        | |  3.6

Action                     || total
---------------------------++-------
  Melee: Falchion          ||    63
         Kick              ||    15
         Peck              ||     4
    Use: Scroll            ||     4
 Armour: Robe              ||     2
         Leather armour    ||     3
  Dodge: Dodged            ||    36
